 Dungeon Crawl Stone Soup version 0.29.0-7-g18a832c13a (webtiles) character file.

Game seed: 3000376962282997121

424 blackman the Slasher (level 7, -5/48 HPs)
             Began as a Human Wanderer on Aug 30, 2022.
             Was a Follower of Cheibriados.
             Slain by an ogre
             ... wielding a +0 giant club
              (16 damage)
             ... on level 5 of the Dungeon.
             The game lasted 00:13:19 (3471 turns).

blackman the Slasher (Human Wanderer)               Turns: 3471, Time: 00:13:19

Health: -5/48      AC:  7    Str: 17    XL:     7   Next: 17%
Magic:  9/9        EV:  9    Int: 15    God:    Cheibriados [*.....]
Gold:   179        SH:  8    Dex: 16    Spells: 9/9 levels left

rFire   . . .      SeeInvis .   a - +2 falchion (vamp)
rCold   . . .      Faith    .   p - +0 buckler
rNeg    . . .      Spirit   .   c - +0 ring mail
rPois   .          Reflect  +   g - +0 helmet
rElec   .          Harm     .   (no cloak)
rCorr   .          Rampage  .   (no gloves)
Will    .....                   n - +0 pair of boots
Stlth   +.........              m - amulet of reflection
HPRegen 0.16/turn               (no ring)
MPRegen 0.11/turn               (no ring)

@: very slow
A: no striking features
a: Renounce Religion, Bend Time


You were on level 5 of the Dungeon.
You worshipped Cheibriados.
Cheibriados was aware of your devotion.
You visited 1 branch of the dungeon, and saw 5 of its levels.

You collected 179 gold pieces.

Inventory:

Hand Weapons
 a - a +2 vampiric falchion (weapon)
 b - a +0 mace
Missiles
 l - 3 poisoned darts
Armour
 c - a +0 ring mail (worn)
 g - a +0 helmet (worn)
 n - a +0 pair of boots (worn)
 p - a +0 buckler (worn)
Jewellery
 h - a ring of flight
 i - a ring of positive energy
 k - a ring of magical power
 m - an amulet of reflection (around neck)
Wands
 q - a wand of flame (22) (quivered)
 t - a wand of paralysis (3)
Scrolls
 e - 2 scrolls of identify
 f - 2 scrolls of amnesia
 j - 2 scrolls of noise
 o - a scroll of acquirement {unknown}
 s - a scroll of teleportation {unknown}
Potions
 d - a potion of attraction
 r - a potion of curing {unknown}


   Skills:
 - Level 1.1 Fighting
 - Level 6.7 Long Blades
 - Level 2.0 Maces & Flails
 - Level 1.0 Armour
 - Level 1.7 Spellcasting
 * Level 2.9 Transmutations
 + Level 2.0 Earth Magic
 - Level 1.0 Evocations


You had 9 spell levels left.
You didn't know any spells.
Your spell library contained the following spells:

 Spells                   Type           Power      Damage    Failure   Level
 Beastly Appendage        Tmut           20%        N/A       17%         1
 Wereblood                Tmut           10%        N/A       26%         2
 Magic Dart               Conj           4%         1d3       50%         1
 Call Imp                 Summ           1%         N/A       65%         2
 Sublimation of Blood     Necr           1%         N/A       65%         2
 Spider Form              Tmut/Pois      5%         N/A       67%         3
 Mephitic Cloud           Conj/Pois/Air  1%         N/A       86%         3
 Petrify                  Tmut/Erth      8%         N/A       90%         4
 Leda's Liquefaction      Hex/Erth       2%         N/A       98%         4
 Irradiate                Conj/Tmut      2%         3d12      100%        5
 Lee's Rapid Deconstruct  Erth           3%         3d6*      100%        5
 Statue Form              Tmut/Erth      5%         N/A       100%        6


Dungeon Overview and Level Annotations

Branches:
Dungeon (5/15)
 Temple: D:4-7

Altars:
Cheibriados
Yredelemnul

Shops:
D:2 (


Message History

You feel sick.
You feel sick.
You are no longer poisoned.
Key pressed, stopping explore.
Things that are here:
a +0 short sword of venom; a +0 leather armour; an orc corpse
Things that are here:
a +0 short sword; an orc corpse An ogre comes into view.
It is wielding a +0 giant club.
The ogre shouts!
Okay, then.
Aiming: Throw Flame
Press: ? - help, Shift-Dir - straight line, f - ogre
Aim: an ogre, wielding a +0 giant club (85% to hit)
The puff of flame hits the ogre.
The ogre is lightly wounded.
Aiming: Throw Flame
Press: ? - help, Shift-Dir - straight line, f/p - ogre
Aim: an ogre, wielding a +0 giant club (lightly wounded, 85% to hit)
The puff of flame hits the ogre!
The ogre is heavily wounded.
You barely miss the ogre.
The ogre is heavily wounded.
The ogre hits you with a +0 giant club!
You hit the ogre but do no damage.
The ogre is heavily wounded.
The ogre hits you with a +0 giant club!
You are too injured to fight recklessly!
You are too injured to fight recklessly!
You are too injured to fight recklessly!
You slash the ogre!
The ogre is severely wounded.
You barely miss the ogre.
The ogre is severely wounded.
The ogre hits you with a +0 giant club!
* * * LOW HITPOINT WARNING * * *
You hit the ogre.
You feel better.
The ogre is almost dead.
The ogre hits you with a +0 giant club!
You die...

#########+##.##.# #......#
.)...........##.# ###'#### #####
#.[....##.# #####.####
#######......##.# #.........
.)).)........##.# #.........
..)..........##.# #.........
.........)...##.# #.........
...........).##.##########.....##
........####....@......###.#####
........# ####..O......##.#
######### ####...#..##.# .#.# #.#
.# # #.# O# #.# .# #.# ..
#.###### ## #.......


You could see an ogre.

Vanquished Creatures
  A black bear (D:5)
  An ogre (D:3)
  2 hounds
  A jelly (D:5)
  Jessica (D:2)
  An iguana (D:5)
  A gnoll (D:4)
  5 adders
  A dart slug (D:1)
  6 orcs (D:5)
  3 bats
  8 goblins
  5 hobgoblins
  3 quokkas
  3 ball pythons
  4 frilled lizards
  2 kobolds (D:1)
  3 rats
51 creatures vanquished.

Notes
Turn   | Place    | Note
-------+----------+-------------------------------------------
     0 | D:1      | blackman the Human Wanderer began the quest for the Orb.
     0 | D:1      | blackman set off with the following items: a +2 falchion, a
                  | +0 mace, a +0 ring mail, a potion of attraction.
     0 | D:1      | Reached XP level 1. HP: 15/15 MP: 2/2
   337 | D:1      | Reached XP level 2. HP: 16/21 MP: 3/3
   871 | D:2      | Reached XP level 3. HP: 24/26 MP: 4/4
   877 | D:2      | Reached skill level 5 in Long Blades
   980 | D:2      | Found a basalt altar of Yredelemnul.
  1269 | D:2      | Reached XP level 4. HP: 32/32 MP: 5/5
  1366 | D:2      | Noticed Jessica
  1374 | D:2      | Found Jejuc's Weapon Shop.
  1383 | D:2      | Killed Jessica
  1847 | D:3      | Found a faded altar of an unknown god.
  1857 | D:3      | Prayed at the altar of an unknown god.
  1857 | D:3      | Became a worshipper of Cheibriados the Contemplative
  1857 | D:3      | Reached * piety under Cheibriados
  1926 | D:3      | Noticed an ogre
  1949 | D:3      | Killed an ogre
  1950 | D:3      | Reached skill level 6 in Long Blades
  1950 | D:3      | Reached XP level 5. HP: 22/37 MP: 6/6
  2542 | D:4      | Reached XP level 6. HP: 43/43 MP: 6/8
  2811 | D:5      | Entered Level 5 of the Dungeon
  2818 | D:5      | Reached skill level 1 in Transmutations
  2854 | D:5      | Reached skill level 1 in Earth Magic
  3293 | D:5      | Noticed a black bear
  3308 | D:5      | Killed a black bear
  3309 | D:5      | Reached XP level 7. HP: 41/48 MP: 3/9
  3378 | D:5      | Paralysed by an orc for 4 turns
  3471 | D:5      | Slain by an ogre

Illustrated notes

Levels and vault maps discovered:
D:1:      dpeg_arrival_refuge, layout_basic, minivault_19
D:2:      layout_rooms, basic_altar, serial_curves, eino_curves_02,
          eino_curves_03, eino_curves_02, serial_shops,
          nicolae_shop_hallway_stairs, uniq_jessica
D:3:      layout_rooms, hellmonk_ecumenical_altar_leap_of_faith, glass_columns_a
D:4:      layout_cave_pods, temple_green
D:5:      lemuel_ice_spiral_2, layout_basic

Skill      XL: |  1  2  3  4  5  6  7 |
---------------+----------------------+-----
Long Blades    | 5 6 |  6.7
Transmutations | 2 |  2.9
Earth Magic    | 1 2 |  2.0
Fighting       | |  1.1
Maces & Flails | |  2.0
Armour         | |  1.0
Spellcasting   | |  1.7
Evocations     | |  1.0

Action                   |  1- 3 |  4- 6 |  7- 9 || total
-------------------------+-------+-------+-------++-------
Melee: Falchion          |    64 |   118 |    18 ||   200
Throw: Dart              |       |     2 |       ||     2
Invok: Bend Time         |       |     2 |       ||     2
Evoke: Wand              |       |     2 |     2 ||     4
  Use: Scroll            |       |     6 |       ||     6
Armor: Ring mail         |    25 |    45 |     3 ||    73
Dodge: Dodged            |    29 |    45 |     1 ||    75
Block: Other             |       |    12 |       ||    12
       Buckler           |       |    27 |     3 ||    30
